Match 45679264
Unlisted

Match 45679264
End
Kradschützen Motorcycle Team
Selects Armored Support Battlegroup
250 Light Carrier
Panzergrenadier Squad
Construct Light Support Kompanie
Selects Superior Fire Drills
Fire Support Elements
Panzergrenadier Squad
Kradschützen Motorcycle Team
Flakvierling Half-track
Assault Mechanized Group
2.5-tonne Medical Truck
Vehicle Survival Package
Selects Flammpanzer III Medium Tank
MG34 Team
Veteran Squad Leaders
Construct Panzerarmee Kommand
Armored Reserves
Selects Command Panzer IV F Medium Tank
Command Panzer IV F Medium Tank
Tungsten Core Ammunition
Selects Vehicle Awareness
Selects Panzer Storm
Rapid Advance
Advanced Field Repairs
Vehicle Awareness
R_O_N_I_N_93
Cpt Darling
GoLdenCoBRaaa
Hydra7-1
0
0

Comments sign in to comment!

No comments posted yet!